Zazza, neutral male human Tourist # --------- ------- |........###### |.....| ----- |..{....| # |.....| #-...| $ ----------- |.......| ##......|# $ ###|.i@| #..........| ------.-- -------# # |.W.| #|.........| ## # $ ### |...-# `|.........| # # # -|---# ##..........| ### $ # $ # # # # # |.........| # # # # ### ---------+- # # ####### # $ # #### # ### ------# # # # ----|-------- # |....|############## # ### |...........| ##|....|# #--.---# # |.....>..$..+###############|....|# #|....|# ## |...........| #|....-# #|.....# -.---- |............###############|....| #.....| |...^| |...........| #------ ------ |._..| |...........- ###################I`#########+(...| ------------- ------ # Zazza the Sightseer Experience level: 4 Strength: 13 Dexterity: 9 Constitution: 16 Intelligence: 12 Wisdom: 10 Charisma: 18 Health: 0(40) Energy: 17(17) Def: 1 Gold: 0 Moves: 2552 Dungeon seed: PNSyQuPJNMrZvSs6 Game ID: Zazza_1619192549 Your Inventory: Weapons s - a +0 elven dagger (weapon in hand) Armor e - an uncursed +1 Hawaiian shirt (being worn) t - a cursed +0 alchemy smock Comestibles b - 5 uncursed food rations f - an uncursed tin of sewer rat meat g - an uncursed egg u - a cursed carrot w - 5 cursed food rations x - 2 cursed tripe rations Scrolls M - a cursed scroll of teleportation Rings n - an uncursed ring of shock resistance (on left hand) S - an uncursed ring of regeneration (on right hand) Wands r - a wand of slow monster (0:3) V - a cursed wand of create monster (0:11) Tools j - an expensive camera (0:50) K - an uncursed lock pick Spells and supernatural/magical abilities: Name Level Category Fail Memory W - pray for help -- divine ? -- Your skills at the end: Fighting Skills Weapon Skills dart [Basic] Spellcasting Skills Final Attributes: You were piously aligned. You were shock resistant. You regenerated. You are dead. Vanquished creatures: an imp a yellow light a gray ooze 3 giant ants a floating eye a kitten a homunculus a dwarf zombie an acid blob 2 hobbits 2 giant rats a red mold 6 jackals 2 foxes 2 kobolds a goblin 4 grid bugs a bat 2 lichens 4 newts 38 creatures vanquished. Voluntary challenges: You used a wielded weapon 18 times, starting on turn 2104. You read items or engraved 33 times, starting on turn 753. You never genocided any monsters. You never polymorphed an object. You never changed form. You used no wishes. You never split a pudding. You wrote Elbereth's name 14 times, starting on turn 813. You violated your moral code, losing 10 points of alignment, starting on turn 700. Dungeon overview: The Dungeons of Doom: levels 1 to 6 Level 1 a fountain a long staircase Level 2 Level 3 a scroll shop a long staircase Level 4 Level 5 a fountain Level 6 <- You were here an altar to Offler, a fountain History has recorded: On T:1 you entered the Dungeons of Doom to retrieve the Amulet of Yendor! On T:313 you advanced to experience level 2. On T:455 you reached level 2 of The Dungeons of Doom. On T:817 you reached level 3 of The Dungeons of Doom. On T:909 you advanced to experience level 3. On T:1212 you reached level 4 of The Dungeons of Doom. On T:1375 you reached level 5 of The Dungeons of Doom. On T:1501 you advanced to experience level 4. On T:1800 you reached level 6 of The Dungeons of Doom. Score breakdown: Gold: 0 ( 0 points) Experience: 4 levels ( 9649 points) Exploration: 6 levels ( 12.24%) ( 9682 points) Discoveries: 14 items ( 4.70%) ( 6502 points) Valuables value: (no points given unless you survive) Artifact value: 0 ( 0 points) Variety of kills: 20 monsters ( 5.25%) ( 6873 points) Turncount: 2552 turns ( -361 points) Survival: died (score multiplied by 80%) Total score: 25876 Latest messages: You miss the imp. The imp hits! You miss the imp. The imp hits! You hit the imp. The imp hits! You miss the imp. The imp hits! You miss the imp. The imp hits! You miss the imp. The imp hits! You miss the imp. The imp hits! You miss the imp. The imp hits! You miss the imp. The imp hits! You miss the imp. The imp hits! You miss the imp. The imp hits! You hit the imp. The imp hits! You die... Final status: Aloha Zazza the Tourist, killed by an imp... You died in The Dungeons of Doom on dungeon level 6 with 25876 points, and 0 pieces of gold, after 2552 moves. You were level 4 with a maximum of 40 hit points when you died.